 Dungeon Crawl Stone Soup version 0.29.1 (webtiles) character file.

Game seed: 7999941010708728361

495 Icepheonix32 the Chopper (level 7, -4/60 HPs)
             Began as a Hill Orc Fighter on Sept 13, 2022.
             Slain by Edmund
             ... wielding a +5 dire flail of protection
              (12 damage)
             ... on level 4 of the Dungeon.
             The game lasted 00:04:31 (3338 turns).

Icepheonix32 the Chopper (Hill Orc Fighter)         Turns: 3338, Time: 00:04:32

Health: -4/60      AC: 10    Str: 21    XL:     7   Next: 15%
Magic:  7/7        EV:  9    Int:  8    God:
Gold:   244        SH:  4    Dex: 10    Spells: 6/6 levels left

rFire   . . .      SeeInvis .   a - +0 war axe
rCold   . . .      Faith    .   c - +0 buckler
rNeg    . . .      Spirit   .   b - +0 scale mail
rPois   .          Reflect  .   (no helmet)
rElec   .          Harm     .   (no cloak)
rCorr   .          Rampage  .   r - +2 pair of gloves
Will    .....                   (no boots)
Stlth   ..........              (no amulet)
HPRegen 0.20/turn               (no ring)
MPRegen 0.10/turn               (no ring)

@: mighty
A: no striking features
a: no special abilities


You were on level 4 of the Dungeon.
You visited 1 branch of the dungeon, and saw 4 of its levels.

You collected 244 gold pieces.

Inventory:

Hand Weapons
 a - a +0 war axe (weapon)
Armour
 b - a +0 scale mail (worn)
 c - a +0 buckler (worn)
 r - a +2 pair of gloves (worn)
Magical Staves
 i - a staff of conjuration
Jewellery
 e - a ring of willpower
Wands
 m - a wand of roots (5)
 u - a wand of flame (17)
Scrolls
 f - 2 scrolls of noise {unknown}
 g - 4 scrolls of identify {unknown}
 j - a scroll of immolation {unknown}
 k - a scroll of summoning {unknown}
 n - a scroll of magic mapping {unknown}
 o - a scroll of torment {unknown}
 p - a scroll of poison {unknown}
 q - 2 scrolls of vulnerability {unknown}
 s - 3 scrolls of teleportation {unknown}
Potions
 h - a potion of berserk rage {unknown}
 l - a potion of curing
 t - 2 potions of brilliance {unknown}


   Skills:
 + Level 4.8 Fighting
 + Level 6.8 Axes
 + Level 5.3 Armour
 + Level 1.0 Dodging
 + Level 0.3 Stealth
 + Level 4.1 Shields


You had 6 spell levels left.
You didn't know any spells.
Your spell library contained the following spells:

 Spells                   Type           Power      Damage    Failure   Level
 Beastly Appendage        Tmut           0%         N/A       82%         1
 Wereblood                Tmut           0%         N/A       91%         2
 Spider Form              Tmut/Pois      0%         N/A       99%         3


Dungeon Overview and Level Annotations

Branches:
Dungeon (4/15)
 Temple: D:4-7

Altars:
Zin

Annotations:
D:4 Edmund


Message History

You are too injured to fight recklessly!
You slash Edmund!
Edmund is heavily wounded.
You closely miss the jackal. The jackal closely misses you.
Edmund hits you with a +5 dire flail of protection!
* * * LOW HITPOINT WARNING * * *
The jackal bites you but does no damage.
Edmund says, "People will remember me!
They'll remember me and die!"
You block Edmund's attack.
You hit Edmund.
Edmund is heavily wounded.
You hit the jackal.
The jackal bites you but does no damage.
Edmund barely misses you. You block the jackal's attack.
You barely miss Edmund.
Edmund is heavily wounded.
You barely miss the jackal.
The jackal bites you but does no damage.
Edmund hits you with a +5 dire flail of protection!
* * * LOW HITPOINT WARNING * * *
Unknown command.
You feel better.
The jackal bites you but does no damage.
Edmund hits you with a +5 dire flail of protection!
* * * LOW HITPOINT WARNING * * *
The jackal barely misses you.
Unknown command.
You barely miss Edmund.
Edmund is heavily wounded.
You closely miss the jackal. You block the jackal's attack.
Edmund completely misses you.
The jackal bites you but does no damage.
You hit Edmund but do no damage.
Edmund is heavily wounded.
You slash the orc!
You kill the orc!
You slash the jackal!
You kill the jackal!
Edmund hits you with a +5 dire flail of protection!
You die...

##......#...##.
##...#.......... ##
##.....##.#...#..
#.###.......###..##..
##...##.##..## #...##.
#....##.###..# .......
#..........#.........
####...................#
#......@†#........###...
#.....†@)##.......# #...
....#............ #...
... #............ ......
#^ .##.......#.. ......
.# .....)..... ..###. .#
......##$ . #. #.
......# .#. ....


You could see Edmund.

Vanquished Creatures
  Sigmund (D:4)
  Menkaure (D:4)
  A hound (D:3)
  Jessica (D:2)
  An iguana (D:3)
  3 adders
  3 worms (D:2)
  A dart slug (D:1)
  2 orcs
  3 ball pythons
  7 endoplasms
  4 giant cockroaches
  8 goblins
  10 hobgoblins
  8 jackals
  7 kobolds
  3 quokkas
  4 bats
  2 frilled lizards (D:1)
  4 rats
74 creatures vanquished.

Notes
Turn   | Place    | Note
-------+----------+-------------------------------------------
     0 | D:1      | Icepheonix32 the Hill Orc Fighter began the quest for the
                  | Orb.
     0 | D:1      | Reached XP level 1. HP: 19/19 MP: 1/1
    78 | D:1      | Reached XP level 2. HP: 27/27 MP: 2/2
   309 | D:1      | Found a faded altar of an unknown god.
   421 | D:1      | Reached skill level 3 in Axes
   685 | D:1      | Reached XP level 3. HP: 23/33 MP: 3/3
  1328 | D:2      | Reached XP level 4. HP: 39/40 MP: 4/4
  1496 | D:2      | Noticed Jessica
  1504 | D:2      | Reached skill level 4 in Axes
  1504 | D:2      | Killed Jessica
  1952 | D:3      | Found a glowing silver altar of Zin.
  2128 | D:3      | Reached XP level 5. HP: 46/46 MP: 5/5
  2574 | D:4      | Noticed Sigmund
  2579 | D:3      | HP: 2/47 [iguana (1)]
  2582 | D:3      | Reached skill level 5 in Axes
  3007 | D:4      | Killed Sigmund
  3008 | D:4      | Reached skill level 6 in Axes
  3008 | D:4      | Reached skill level 5 in Armour
  3008 | D:4      | Reached XP level 6. HP: 49/53 MP: 6/6
  3053 | D:4      | Noticed Menkaure
  3059 | D:4      | Killed Menkaure
  3060 | D:4      | Reached skill level 1 in Dodging
  3060 | D:4      | Reached XP level 7. HP: 15/60 MP: 7/7
  3325 | D:4      | Noticed Edmund
  3338 | D:4      | Slain by Edmund

Illustrated notes

Levels and vault maps discovered:
D:1:      mrwooster_arrival_statue, layout_basic, ebering_ecumenical_altar_rust,
          dk_noncrumbling_3
D:2:      layout_rooms, small_statue_intersection, uniq_jessica
D:3:      layout_basic, mainiacjoe_overflow_boulevard, minivault_24,
          minmay_crystal_room
D:4:      layout_cave_pools, okawaru_trees_1, grunt_temple_overflow_open,
          uniq_duvessa, uniq_sigmund, uniq_menkaure, uniq_edmund

Skill      XL: |  1  2  3  4  5  6 |
---------------+-------------------+-----
Axes           | 3 4 6 |  6.8
Fighting       | 4 |  4.8
Armour         | 4 5 |  5.3
Shields        | 4 |  4.1
Dodging        | 1 |  1.0
Stealth        | |  0.3

Action                   |  1- 3 |  4- 6 |  7- 9 || total
-------------------------+-------+-------+-------++-------
Melee: War axe           |    76 |    75 |     9 ||   160
  Use: Potion            |       |     4 |     2 ||     6
Armor: Scale mail        |    41 |    39 |     7 ||    87
Dodge: Dodged            |    47 |    45 |     5 ||    97
Block: Buckler           |    28 |    23 |     4 ||    55
